Map: Eternal Empire LE

Players

PartinG

  • Race: Protoss Protoss
  • League: Grandmaster
  • Spawn Location: 1:00

Reynor - Winner!

  • Race: Zerg Zerg
  • Spawn Location: 7:00

Event: Shopify TSL 5

VOD

Have the link to the VOD?

Description

Time

  • Played on: May 23, 2020, 9:54 a.m.
  • Length: 18:22

All games in this series

Show
View Real Time Build Order
Export as new Build Order

PartinG Protoss 

Build Orders: 1 Gate Expand, Mass Adepts 

Get SALT Encoding   

  12  0:00  Probe  
  13  0:13  Probe  
  14  0:18  Pylon  
  14  0:25  Probe (Chrono Boost)  
  15  0:37  Probe (Chrono Boost)  
  15  0:38  Gateway  
  16  0:45  Probe (Chrono Boost)  
  16  0:46  Assimilator  
  17  0:51  Probe  
  18  1:03  Probe  
  19  1:15  Probe  
  20  1:24  Nexus  
  20  1:33  Cybernetics Core  
  20  1:37  Probe  
  21  1:43  Assimilator  
  21  1:49  Probe  
  21  1:54  Pylon  
  22  2:01  Probe  
  23  2:09  Adept (Chrono Boost)  
  23  2:10  Warp Gate  
  23  2:14  Probe (Chrono Boost)  
  26  2:25  Probe (Chrono Boost)  
  27  2:30  Probe (Chrono Boost)  
  27  2:32  Stalker  
  27  2:35  Twilight Council  
  27  2:37  Probe (Chrono Boost)  
  32  2:45  Probe (Chrono Boost)  
  32  2:46  Probe (Chrono Boost)  
  32  2:51  Probe (Chrono Boost)  
  33  2:52  Probe  
  33  2:55  Robotics Facility  
  35  3:01  Gateway  
  35  3:08  Gateway  
  35  3:12  Resonating Glaives (Chrono Boost), Probe x2  
  37  3:23  Gateway  
  37  3:26  Probe x2  
  39  3:32  Pylon  
  39  3:39  Warp Prism (Chrono Boost)  
  39  3:40  Probe  
  40  3:47  Probe  
  43  3:52  Probe  
  43  3:54  Pylon  
  44  3:55  Pylon  
  44  3:58  Adept x2  
  44  4:02  Adept  
  50  4:07  Assimilator  
  50  4:08  Probe  
  50  4:09  Observer  
  52  4:10  Probe  
  53  4:18  Assimilator  
  53  4:23  Probe x2  
  55  4:31  Adept x4  
  63  4:40  Probe x2  
  63  4:54  Adept x3  
  69  5:00  Probe  
  69  5:02  Pylon  
  69  5:03  Forge  
  69  5:06  Pylon  
  70  5:08  Probe  
  67  5:14  Adept  
  67  5:18  Pylon  
  67  5:20  Nexus  
  69  5:23  Adept x2  
  69  5:26  Adept  
  75  5:40  Blink (Chrono Boost)  
  75  5:42  Protoss Ground Weapons Level 1 (Chrono Boost)  
  68  5:44  Probe x2  
  70  5:50  Gateway, Stalker x4  
  70  5:51  Gateway  
  78  6:01  Probe x2  
  80  6:11  Immortal (Chrono Boost), Shield Battery  
  80  6:12  Pylon  
  80  6:17  Sentry x2  
  86  6:21  Pylon  
  86  6:32  Pylon  
  86  6:34  Nexus  
  86  6:39  Sentry x2  
  90  6:48  Immortal (Chrono Boost)  
  90  6:49  Pylon  
  90  6:51  Stalker x2  
  90  6:53  Sentry  
  100  6:54  Sentry  
  100  6:56  Probe  
  100  6:58  Probe  
  104  7:04  Photon Cannon  
  104  7:05  Shield Battery  
  104  7:12  Stalker  
  104  7:14  Probe x2  
  108  7:16  Robotics Bay  
  108  7:23  Photon Cannon  
  108  7:26  Sentry x2  
  108  7:27  Probe x2  
  114  7:33  Stalker  
  116  7:41  Stalker  
  118  7:46  Pylon  
  118  7:48  Pylon  
  118  7:51  Protoss Ground Weapons Level 2 (Chrono Boost)  
  118  7:56  Probe x3  
  121  8:01  Assimilator  
  121  8:02  Assimilator  
  121  8:05  Stalker x3  
  127  8:09  Adept  
  127  8:12  Stalker  
  131  8:25  Stalker  
  133  8:31  Colossus (Chrono Boost)  
  133  8:39  Extended Thermal Lance (Chrono Boost)  
  139  8:43  Probe  
  139  8:44  Probe x2  
  142  8:53  Gateway  
  142  8:54  Gateway  
  140  9:15  Colossus (Chrono Boost)  
  134  9:20  Probe x2  
  134  9:23  Stalker x3  
  148  9:25  Observer  
  148  9:26  Pylon  
  148  9:27  Pylon  
  148  9:29  Pylon  
  148  9:31  Nexus  
  148  9:32  Pylon x2  
  148  9:34  Pylon  
  148  9:35  Pylon  
  148  9:48  Sentry x3  
  148  9:49  Sentry x3  
  148  9:51  Nexus  
  148  9:52  Photon Cannon  
  160  9:56  Shield Battery  
  158  10:03  Stalker x2  
  158  10:05  Protoss Ground Armor Level 1 (Chrono Boost)  
  162  10:18  Stalker x6  
  178  10:37  Colossus (Chrono Boost)  
  178  10:41  Nexus  
  178  10:43  Sentry  
  178  10:44  Sentry  
  178  10:45  Stalker x2  
  186  10:52  Photon Cannon  
  184  11:27  Stalker x3  
  184  11:28  Stalker x5  
  200  11:33  Pylon  
  200  11:38  Pylon  
  198  12:10  Protoss Ground Weapons Level 3 (Chrono Boost)  
  198  12:11  Photon Cannon  
  198  12:12  Photon Cannon  
  198  12:13  Stalker  
  198  12:14  Photon Cannon  
  200  12:18  Gateway  
  200  12:20  Gateway  
  192  12:47  Stalker x4  
  188  13:07  Stalker x4  
  188  13:11  Stalker x2  
  200  13:19  Stalker x4  
  124  13:35  Stalker x6  
  120  13:47  Warp Prism (Chrono Boost)  
  106  13:53  Robotics Facility, Stalker x4  
  106  13:54  Stalker x2  
  114  14:01  Stalker x4  
  108  14:13  Templar Archives, Assimilator x2  
  108  14:19  Colossus (Chrono Boost)  
  108  14:21  Sentry x3  
  108  14:22  Sentry x3  
  126  14:25  Pylon  
  126  14:26  Probe  
  126  14:29  Probe  
  126  14:30  Probe x2, Shield Battery  
  130  14:31  Shield Battery  
  130  14:33  Pylon  
  130  14:36  Stalker x4  
  134  14:41  Probe  
  94  14:50  Stalker x3  
  94  14:51  Stalker x3  
  105  15:09  Colossus (Chrono Boost)  
  105  15:11  Colossus (Chrono Boost)  
  111  15:15  Sentry  
  111  15:16  Probe (Chrono Boost)  
  111  15:19  Sentry  
  116  15:25  Probe (Chrono Boost)  
  116  15:27  Probe (Chrono Boost)  
  120  15:29  Probe x2 (Chrono Boost)  
  120  15:33  Probe (Chrono Boost)  
  120  15:34  Sentry  
  125  15:37  Probe x2 (Chrono Boost)  
  125  15:38  Sentry x2  
  129  15:44  Sentry x2  
  133  15:52  Probe x3  
  133  15:54  Sentry  
  133  15:55  Sentry  
  140  16:02  Sentry  
  142  16:12  Stalker x2  
  142  16:13  Stalker  
  148  16:29  Stalker x3  
  148  16:31  Stalker  
  92  16:42  Stalker x2  
  92  16:43  Stalker  
  92  16:47  Stalker  
  92  17:05  Stalker x4  
  100  17:17  Immortal (Chrono Boost)  
  100  17:21  Immortal (Chrono Boost)  
  90  17:40  High Templar x4  
  98  17:44  Archon  
  98  17:45  Archon  
  98  18:02  Stalker x2  
  98  18:03  Stalker x3  
Show
View Real Time Build Order
Export as new Build Order

Reynor Zerg - Winner!

Build Orders: Hatch First 

Get SALT Encoding   

  12  0:00  Drone  
  13  0:12  Overlord  
  13  0:17  Drone  
  14  0:30  Drone x2  
  16  0:48  Hatchery  
  15  0:51  Drone  
  15  0:54  Drone  
  17  0:57  Drone  
  18  1:08  Extractor  
  17  1:13  Spawning Pool  
  17  1:16  Drone  
  17  1:20  Drone  
  18  1:28  Drone  
  20  1:40  Drone  
  20  1:50  Overlord  
  20  2:00  Queen x2  
  20  2:01  Zergling x4  
  26  2:11  Drone x2  
  28  2:21  Drone x2  
  30  2:33  Hatchery  
  29  2:38  Pneumatized Carapace  
  29  2:40  Drone  
  29  2:43  Drone  
  31  2:45  Drone  
  31  2:51  Overlord  
  32  2:55  Drone x2  
  34  3:03  Metabolic Boost  
  34  3:05  Drone  
  35  3:08  Drone  
  35  3:12  Queen  
  38  3:16  Drone  
  38  3:19  Overlord  
  39  3:21  Drone  
  39  3:23  Zergling x2  
  39  3:26  Drone  
  42  3:29  Drone  
  43  3:36  Overlord  
  43  3:41  Drone x2  
  43  3:42  Zergling x2  
  43  3:44  Queen  
  43  3:45  Drone  
  43  3:47  Drone  
  50  3:51  Queen  
  50  3:54  Queen  
  54  3:56  Drone  
  54  3:58  Drone  
  54  4:00  Drone  
  57  4:03  Overlord  
  57  4:10  Zergling x4, Roach Warren  
  57  4:14  Zergling x4  
  57  4:16  Zergling x2  
  61  4:19  Zergling x6  
  64  4:26  Zergling x4  
  64  4:27  Zergling x2  
  64  4:28  Overlord  
  64  4:30  Zergling x2  
  68  4:33  Queen  
  68  4:38  Overlord  
  70  4:41  Overlord  
  70  4:45  Overlord  
  66  4:55  Roach x4  
  66  4:57  Roach x3  
  79  5:02  Roach  
  79  5:07  Roach  
  83  5:09  Queen  
  82  5:21  Drone x5  
  82  5:22  Drone x2, Spore Crawler  
  82  5:24  Spore Crawler x2  
  82  5:26  Roach  
  82  5:27  Roach  
  90  5:31  Overlord  
  90  5:38  Drone x2  
  90  5:42  Drone  
  91  5:43  Drone  
  91  5:47  Drone x2, Overlord  
  91  5:49  Extractor x2  
  92  5:52  Roach x2  
  92  5:55  Roach  
  98  5:58  Overlord  
  98  6:00  Spine Crawler  
  98  6:03  Spine Crawler  
  96  6:07  Overlord  
  96  6:09  Queen, Zergling x4  
  99  6:13  Ravager  
  99  6:18  Drone x5  
  103  6:21  Drone  
  106  6:26  Lair  
  106  6:27  Drone x2  
  106  6:30  Overlord  
  107  6:36  Drone  
  107  6:37  Drone  
  107  6:38  Drone  
  110  6:40  Drone x2  
  110  6:42  Extractor, Drone  
  110  6:43  Evolution Chamber, Extractor  
  110  6:45  Drone  
  110  6:46  Drone x2  
  111  6:47  Drone  
  111  6:52  Drone x2  
  114  6:57  Overlord  
  114  7:01  Drone  
  114  7:02  Extractor  
  114  7:05  Roach  
  116  7:10  Drone x3  
  119  7:17  Hatchery  
  119  7:19  Drone x4  
  119  7:21  Zerg Melee Weapons Level 1  
  122  7:24  Evolution Chamber  
  122  7:25  Overseer  
  122  7:29  Drone x3  
  124  7:34  Overlord, Baneling Nest  
  124  7:36  Ravager x3  
  124  7:37  Ravager  
  127  7:38  Roach  
  127  7:40  Overlord  
  127  7:41  Overlord  
  129  7:44  Overlord  
  129  7:47  Overlord  
  129  7:52  Overlord  
  129  7:54  Overlord  
  129  7:57  Zerg Ground Armor Level 1  
  129  7:58  Overseer  
  129  8:02  Zergling x16  
  129  8:04  Ravager x3  
  129  8:05  Drone x4  
  144  8:06  Roach, Zergling x2  
  144  8:11  Ravager x2  
  148  8:13  Roach  
  148  8:14  Zergling x8, Glial Reconstitution  
  149  8:20  Ravager x2  
  149  8:21  Roach, Zergling x4  
  146  8:28  Queen  
  146  8:30  Roach x2, Zergling x2  
  146  8:33  Baneling x6  
  153  8:36  Zergling x12  
  153  8:40  Zergling x6  
  153  8:41  Zergling x2  
  163  8:43  Centrifical Hooks  
  163  8:46  Drone  
  163  8:47  Drone x2  
  166  8:49  Zergling x2  
  164  9:05  Drone x2, Hatchery  
  164  9:06  Zergling x16  
  164  9:09  Queen  
  171  9:12  Overlord  
  171  9:13  Roach, Zergling x2  
  171  9:14  Zergling x2  
  177  9:17  Zerg Melee Weapons Level 2  
  177  9:23  Baneling  
  177  9:24  Baneling x10  
  177  9:25  Baneling x4  
  177  9:28  Zergling x8  
  181  9:32  Overlord  
  181  9:34  Zergling x8  
  181  9:37  Ravager x4  
  186  9:39  Drone  
  186  9:40  Drone x3  
  186  9:42  Zergling x2  
  186  9:44  Unknown  
  189  9:49  Spire  
  189  9:50  Zergling x12  
  194  9:55  Drone  
  194  9:56  Drone x5  
  199  10:02  Zerg Ground Armor Level 2  
  199  10:07  Overlord  
  199  10:11  Drone  
  198  10:26  Zergling x4  
  199  10:32  Zergling x10  
  199  10:33  Zergling x8  
  197  10:40  Zergling x2  
  197  10:41  Zergling x4  
  197  10:42  Baneling x28  
  199  10:51  Zergling x2  
  199  10:56  Baneling x11  
  196  11:07  Zergling x10  
  200  11:16  Zerg Flyer Weapons Level 1  
  198  11:19  Infestation Pit  
  198  11:20  Zergling x6  
  197  11:48  Hatchery  
  195  11:57  Hive  
  194  12:03  Corruptor x3  
  194  12:07  Extractor  
  198  12:09  Extractor, Corruptor x2  
  199  12:22  Zergling x2  
  186  12:39  Zergling x32  
  187  12:44  Zergling x26  
  187  12:48  Baneling x5  
  187  12:49  Baneling x2  
  196  12:52  Queen  
  196  12:54  Zergling x4  
  199  13:04  Zergling x18  
  199  13:06  Baneling x25  
  199  13:18  Zergling x32  
  187  13:27  Hatchery  
  187  13:28  Zergling x6  
  187  13:29  Zergling x2  
  187  13:30  Zergling x8  
  187  13:31  Zergling x2  
  169  13:35  Zergling x2, Corruptor  
  169  13:37  Zergling x6  
  169  13:40  Roach  
  158  13:41  Zergling x2  
  158  13:42  Adrenal Glands  
  158  13:44  Zerg Missile Weapons Level 1, Zerg Melee Weapons Level 3  
  158  13:45  Zergling x6  
  150  13:50  Zergling x4  
  150  13:53  Zergling x4  
  150  13:54  Drone, Zergling x2  
  150  13:55  Drone x6  
  158  13:56  Ultralisk Cavern, Drone  
  158  14:01  Zerg Flyer Weapons Level 2  
  156  14:05  Zergling x2  
  156  14:06  Zergling x10  
  156  14:07  Zergling x4  
  162  14:13  Queen  
  162  14:15  Baneling x21  
  162  14:16  Baneling x10, Hatchery  
  162  14:17  Roach, Zergling x6, Ravager x3  
  166  14:18  Queen, Zergling x2  
  166  14:22  Drone x2  
  166  14:23  Drone x3  
  166  14:24  Drone  
  180  14:29  Zergling x8  
  162  14:46  Ultralisk x3  
  162  14:50  Zergling x18  
  162  14:51  Chitinous Plating  
  182  15:01  Ultralisk, Zergling x10  
  182  15:06  Infestor  
  182  15:07  Infestor  
  192  15:10  Zergling x6  
  199  15:17  Unknown  
  199  15:20  Baneling x16  
  198  15:27  Zergling x2  
  199  15:30  Baneling x2  
  199  15:31  Baneling x5  
  199  15:35  Baneling x3  
  199  15:39  Hatchery  
  197  15:57  Zergling x2  
  197  15:58  Zergling x4  
  197  16:03  Overseer x2  
  196  16:28  Extractor  
  180  16:38  Corruptor  
  180  16:39  Zergling x44  
  184  16:43  Corruptor  
  184  16:44  Zergling x40  
  184  16:46  Queen  
  187  16:50  Roach, Zergling x2  
  187  16:51  Zergling x6  
  191  16:57  Ultralisk, Zergling x4  
  199  17:04  Zergling x10  
  199  17:05  Zergling x2  
  199  17:08  Baneling  
  199  17:09  Baneling x33  
  196  17:32  Zergling x10  
  196  17:35  Zergling x8  
  198  17:44  Baneling x6  
  198  17:45  Baneling x26  
  198  17:48  Baneling x3  
  198  17:49  Baneling  
  198  17:50  Baneling  
  198  17:52  Baneling  
Tags
 
Add a new tag
Caveats
  • Supply blocks, unpowered buildings, or Contaminate may cause inaccurate times.
  • Supply counts are checked every 10 seconds.